 Dungeon Crawl Stone Soup version 0.25.0-15-gac7dcb8919 (webtiles) character file.

Game seed: 15653337010350711817

46 Esekla the Grave Robber (level 3, -5/26 HPs)
             Began as a Barachi Necromancer on June 28, 2020.
             Slain by a worm (9 damage)
             ... on level 2 of the Dungeon.
             The game lasted 00:08:49 (1470 turns).

Esekla the Grave Robber (Barachi Necromancer)       Turns: 1470, Time: 00:08:49

Health: -5/26      AC:  2    Str:  9    XL:     3   Next: 68%
Magic:  0/6        EV: 12    Int: 16    God:
Gold:   62         SH:  0    Dex: 12    Spells: 3/7 levels left

rFire    . . .     SeeInvis .   f - +0 dagger
rCold    . . .     Gourm    .   (no shield)
rNeg     . . .     Faith    .   a - +0 robe
rPois    .         Spirit   .   (no helmet)
rElec    .         Reflect  .   (no cloak)
rCorr    .         Harm     .   (no gloves)
MR       .....                  (no boots)
Stlth    ++........             (no amulet)
HPRegen  0.08/turn              e - ring of flight
MPRegen  0.10/turn              (no ring)

@: slow
A: +LOS, swims, slowness 1, strong legs 1
a: Hop, Evoke Flight


You were on level 2 of the Dungeon.
You were not hungry.

You visited 1 branch of the dungeon, and saw 3 of its levels.

You collected 62 gold pieces.

Inventory:

Hand Weapons
 f - a +0 dagger (weapon)
Armour
 a - a +0 robe (worn)
 h - a +0 buckler
Jewellery
 e - a ring of flight (left hand)
Scrolls
 d - a scroll of identify {unknown}
 g - a scroll of fog {unknown}
 i - a scroll of remove curse {unknown}
Potions
 b - a potion of mutation {unknown}
 k - a potion of haste {unknown}
Comestibles
 c - 3 rations
 j - 2 chunks of flesh


   Skills:
 * Level 1.0 Fighting
 * Level 2.5 Dodging
 - Level 1.7 Stealth
 * Level 0.3 Shields
 * Level 2.6 Spellcasting
 + Level 4.2 Necromancy


You had 3 spell levels left.
You knew the following spells:

 Your Spells              Type           Power        Failure   Level  Hunger
a - Pain                  Necr           ###.         3%          1    #......
d - Vampiric Draining     Necr           ###.......   10%         3    ###....

Your spell library contained the following spells:

 Spells                   Type           Power        Failure   Level  Hunger
 Animate Skeleton         Necr           N/A          3%          1    #......
 Animate Dead             Necr           N/A          32%         4    #####..
 Agony                    Necr           ###.....     67%         5    ######.


Dungeon Overview and Level Annotations

Branches:
Dungeon (3/15)

Altars:
Ashenzari


Innate Abilities, Weirdness & Mutations

You can be seen from farther away. (+LOS)
You can swim through water.
You cover ground slowly.
You can hop short distances.


Message History

The worm bites you!
* * * LOW HITPOINT WARNING * * *
Casting: Vampiric Draining (quite dangerous; 10% risk of failure)
Confirm with . or Enter, or press ? or * to list all spells.
Aiming: Pain (safe; 3% risk of failure)
Press: ? - help, Shift-Dir - straight line, f/p - worm
Aim: a worm (severely wounded, chance to defeat MR: 80%)
The worm barely resists.
You barely miss the worm.
The worm is severely wounded.
The worm closely misses you.
You hit the worm.
The worm is severely wounded.
You hit the worm.
The worm is almost dead.
The worm completely misses you.
You hit the worm.
The worm is almost dead.
The worm bites you!
You die...

#..##......... .. #...#....##
##.########### . #....#.....#
....# #.##.....#...... ....#
##.##......#...... ....##
#..#.>)...###...## #....#
##.##...#### #...## #.#..##
####.....### ####...##
#.#...######.....#### #.....<#.
#...>.#.........@# ##.##...#.
###.....#.......w.######..##...#.
......#..........................
###.#..............###...####...#
#..................##..######..##
#...................#.#.........#
#............#...##.<.........#<.
...........#..#####..#....#######
........##...............<.######


You could see a worm.

Vanquished Creatures
  3 adders
  5 bats
  4 hobgoblins
  2 jackals (D:1)
  A quokka (D:3)
  A frilled lizard (D:2)
  2 goblins
  A kobold (D:2)
  2 rats
21 creatures vanquished.

Notes
Turn   | Place    | Note
-------+----------+-------------------------------------------
     0 | D:1      | Esekla the Barachi Necromancer began the quest for the Orb.
     0 | D:1      | Reached XP level 1. HP: 13/13 MP: 3/3
   244 | D:2      | Found a shattered altar of Ashenzari.
   270 | D:2      | Reached XP level 2. HP: 6/20 MP: 0/5
   683 | D:2      | Reached skill level 1 in Fighting
   683 | D:2      | Reached skill level 4 in Necromancy
   683 | D:2      | Reached XP level 3. HP: 24/26 MP: 3/6
   688 | D:2      | Learned a level 3 spell: Vampiric Draining
  1363 | D:3      | Noticed an ogre
  1470 | D:2      | Slain by a worm

Illustrated notes

Levels and vault maps discovered:
D:1:      saegor_arrival_simple_c, layout_loops_ring
D:2:      layout_rooms, nicolae_ashenzari_panopticon
D:3:      layout_basic, first_ration

Skill      XL: |  1  2 |
---------------+-------+-----
Fighting       | 1 |  1.0
Necromancy     | 4 |  4.2
Dodging        | |  2.5
Stealth        | |  1.7
Shields        | |  0.3
Spellcasting   | |  2.6

Action                   || total
-------------------------++-------
Melee: Dagger            ||    71
 Cast: Pain              ||    21
       Vampiric Draining ||     7
 Stab: Sleeping          ||     1
  Eat: Chunk             ||     3
Armor: Robe              ||    16
Dodge: Dodged            ||    49
